 Dungeon Crawl Stone Soup version 0.28-a0-643-g84cb2ea78e (webtiles) character file.

Game seed: 12339708254933637437

27 ytrimaz the Slasher (level 3, 0/29 HPs)
             Began as a Human Monk on Oct 11, 2021.
             Slain by a quokka (2 damage)
             ... on level 2 of the Dungeon.
             The game lasted 00:01:36 (1668 turns).

ytrimaz the Slasher (Human Monk)                    Turns: 1668, Time: 00:01:36

Health: 0/29       AC:  2    Str: 12    XL:     3   Next: 25%
Magic:  3/3        EV: 13    Int: 10    God:
Gold:   32         SH:  0    Dex: 15    Spells: 2/2 levels left

rFire   . . .      SeeInvis .   a - +0 falchion
rCold   . . .      Faith    .   (no shield)
rNeg    . . .      Spirit   .   b - +0 robe
rPois   .          Reflect  .   (no helmet)
rElec   .          Harm     .   (no cloak)
rCorr   .          Rampage  .   (no gloves)
Will    .....                   (no boots)
Stlth   ++........              (no amulet)
HPRegen 0.09/turn               (no ring)
MPRegen 0.08/turn               (no ring)

@: no status effects
A: no striking features
a: no special abilities


You were on level 2 of the Dungeon.
You visited 1 branch of the dungeon, and saw 2 of its levels.

You collected 32 gold pieces.

Inventory:

Hand Weapons
 a - a +0 falchion (weapon)
Armour
 b - a +0 robe (worn)
Scrolls
 c - a scroll of identify
Potions
 d - a potion of brilliance {unknown}
 e - a potion of ambrosia {unknown}
 f - a potion of flight {unknown}


   Skills:
 + Level 3.4 Fighting
 + Level 3.4 Long Blades
 + Level 3.3 Dodging
 + Level 2.1 Stealth


You had 2 spell levels left.
You didn't know any spells.
Your spell library contained the following spells:

 Spells                   Type           Power      Damage    Failure   Level
 Gell's Gravitas          Tloc           0%         N/A       75%         3
 Lesser Beckoning         Tloc           0%         N/A       75%         3
 Teleport Other           Tloc           0%         N/A       75%         3


Dungeon Overview and Level Annotations

Branches:
Dungeon (2/15)

Altars:

Annotations:
D:1 Natasha


Message History

The ball python barely misses you. The ball python constricts you.
The ball python barely misses you. The ball python constricts you.
You barely miss the ball python.
The ball python is moderately wounded.
The ball python barely misses you. The ball python constricts you.
The quokka closely misses you.
You completely miss the ball python.
The ball python is moderately wounded.
The ball python bites you but does no damage.
The ball python constricts you. The quokka closely misses you.
The ball python bites you but does no damage.
The ball python constricts you.
You barely miss the quokka. The quokka closely misses you.
The ball python bites you. The ball python constricts you.
You barely miss the quokka. The quokka bites you. The ball python bites you.
The ball python constricts you. The quokka bites you.
You barely miss the ball python.
The ball python is moderately wounded.
The ball python barely misses you. The ball python constricts you.
The quokka misses you. The ball python barely misses you.
The ball python constricts you.
You closely miss the ball python.
The ball python is moderately wounded.
The quokka completely misses you.
The ball python bites you but does no damage.
The ball python constricts you. The quokka bites you.
You slash the ball python!
You kill the ball python!
The quokka closely misses you.
Found three stone staircases leading down.
The quokka bites you.
You see here a ball python corpse.
You barely miss the quokka. The quokka bites you.
* * * LOW HITPOINT WARNING * * *
You hit the quokka.
The quokka is lightly wounded.
The quokka bites you.
* * * LOW HITPOINT WARNING * * *
The quokka bites you.
You die...

#.....†...#
..........### ..
#...........## >#
#.........#..### .#
###.########...##.#
#... ###..#.# #####
..... ##.#.# #.<..
....... #.#.# #.###
..... #r@.# #g#
#.........##........
.......#..####.##..###
....#..... .... ..##
.##........ #.. ..#
......##.. . ...
.>.#..## ### ....
...>.. .....


You could see a quokka.

Vanquished Creatures
  A dart slug (D:1)
  2 endoplasms (D:1)
  4 goblins (D:1)
  A hobgoblin (D:2)
  4 jackals (D:1)
  3 kobolds (D:1)
  A quokka (D:2)
  2 ball pythons
  2 bats (D:1)
20 creatures vanquished.

Notes
Turn   | Place    | Note
-------+----------+-------------------------------------------
     0 | D:1      | ytrimaz the Human Monk began the quest for the Orb.
     0 | D:1      | Reached XP level 1. HP: 18/18 MP: 1/1
   201 | D:1      | Reached XP level 2. HP: 18/24 MP: 2/2
  1099 | D:1      | Reached XP level 3. HP: 24/29 MP: 3/3
  1248 | D:2      | Noticed Natasha
  1668 | D:2      | Slain by a quokka

Illustrated notes

Levels and vault maps discovered:
D:1:      lemuel_arrival_hallway, layout_loops_ring, serial_glass,
          glass_columns_c, glass_columns_b, minmay_strange_pillars,
          due_unseen_surprise
D:2:      minmay_alternating_diamond, layout_rooms,
          shapermc_ecumenical_altar_starsandcircs, uniq_natasha

Action                   || total
-------------------------++-------
Melee: Falchion          ||    84
  Use: Scroll            ||     2
 Stab: Sleeping          ||     2
Armor: Robe              ||    14
Dodge: Dodged            ||    80

Table legend: (Time is in decaauts)
 A = Elapsed time spent in this place.
 B = Non-inter-level travel time spent in this place.
 C = Inter-level travel time spent in this place.
 D = Time resting spent in this place.
 E = Time spent auto-exploring this place.
 F = Levels seen in this place.
 G = Mean time per level.
                   A        B        C        D        E       F      G
               +--------+--------+--------+--------+--------+-----+--------+
         Total |   1691 |   1625 |     66 |    253 |   1140 |   2 |  845.5 |
       Dungeon |   1691 |   1625 |     66 |    253 |   1140 |   2 |  845.5 |
               +--------+--------+--------+--------+--------+-----+--------+

Top non-repeatable levels by time:
     D:1: 1317 daAuts
     D:2: 374 daAuts
